| TOP OF THE 1ST |
|
Kansas City Royals batting - Pitching for Seattle Mariners : LHP Aidan Smith
|
|
Pitching: LHP Aidan Smith
|
|
|
Batting: SHB Jose Pacheco
|
0-0: Ball 1-0: Called Strike 1-1: Called Strike 1-2: Foul Ball, location: 2F 1-2: Ball 2-2: Foul Ball, location: 2F 2-2: SINGLE (Groundball, 6M, EV 105.6 MPH) (infield hit)
|
|
Batting: RHB Matt Belgard
|
0-0: Ball 1-0: Bunted foul 1-1: Sac Bunt to 3S - play at first, batter OUT! 3-1 Jose Pacheco to second
|
|
Batting: LHB Mike Meyerhoff
|
0-0: Called Strike 0-1: Swinging Strike 0-2: Ball 1-2: Ball 2-2: Ball 3-2: Hit by Pitch
|
|
Batting: RHB Adam Martin
|
0-0: Grounds into double play, 4-6-3 (Groundball, 4M, EV 107.5 MPH)
|
| Top of the 1st over - 0 runs, 1 hit, 0 errors, 1 left on base; Kansas City 0 - Seattle 0 |
| BOTTOM OF THE 1ST |
|
Seattle Mariners batting - Pitching for Kansas City Royals : RHP Chris Irvin
|
|
Pitching: RHP Chris Irvin
|
|
|
Batting: LHB Dae-ik Yoon
|
0-0: Ball 1-0: Foul Ball, location: 2F 1-1: Swinging Strike 1-2: Strikes out looking
|
|
Batting: RHB Jose Vasquez
|
0-0: Ball 1-0: Foul Ball, location: 2F 1-1: Ball 2-1: Ground out 5-3 (Groundball, 5S, EV 89.4 MPH)
|
|
Batting: SHB Floyd-William Goof
|
0-0: Fly out, F6 (Popup, 6, EV 70.0 MPH)
|
| Bottom of the 1st over - 0 runs, 0 hits, 0 errors, 0 left on base; Kansas City 0 - Seattle 0 |
| TOP OF THE 2ND |
|
Kansas City Royals batting - Pitching for Seattle Mariners : LHP Aidan Smith
|
|
Batting: LHB Bill Baconneck
|
0-0: Ball 1-0: Ball 2-0: Ball 3-0: Base on Balls
|
|
Batting: RHB Mikolas Markus
|
0-0: Called Strike 0-1: SINGLE (Groundball, 6MD, EV 111.2 MPH) Bill Baconneck to second Runner from 2nd tries for 3rd, SAFE, no throw by CF
|
|
Batting: LHB Pete Hansel
|
0-0: Ball 1-0: Swinging Strike 1-1: Ball 2-1: Foul Ball, location: 2F 2-2: Foul Ball, location: 2F 2-2: Ball 3-2: Foul Ball, location: 2F 3-2: Foul Ball, location: 2F 3-2: Base on Balls Mikolas Markus to second
|
|
Batting: LHB Robby Diaz
|
0-0: Foul Ball, location: 2F 0-1: Ball 1-1: Ball 2-1: Ball 3-1: Called Strike 3-2: Base on Balls Bill Baconneck scores Mikolas Markus to third Pete Hansel to second
|
|
Batting: RHB Imbart Faber
|
0-0: Ball 1-0: SINGLE (Groundball, 6S, EV 69.4 MPH) (infield hit) Mikolas Markus scores Pete Hansel to third Robby Diaz to second
|
|
Batting: SHB Jose Pacheco
|
0-0: Ball 1-0: Called Strike 1-1: Foul Ball, location: 2F 1-2: Ball 2-2: Grounds into double play, 6-4-3 (Groundball, 6M, EV 106.9 MPH) Pete Hansel scores Robby Diaz to third
|
|
Batting: RHB Matt Belgard
|
0-0: Ball 1-0: Swinging Strike 1-1: Ball 2-1: Foul Ball, location: 2F 2-2: Ball 3-2: Strikes out swinging
|
| Top of the 2nd over - 3 runs, 2 hits, 0 errors, 1 left on base; Kansas City 3 - Seattle 0 |
| BOTTOM OF THE 2ND |
|
Seattle Mariners batting - Pitching for Kansas City Royals : RHP Chris Irvin
|
|
Batting: RHB Steve Jordan
|
0-0: Ball 1-0: Swinging Strike 1-1: Called Strike 1-2: Ground out 5-3 (Groundball, 5, EV 80.0 MPH)
|
|
Batting: SHB Robbie Rogers
|
0-0: Swinging Strike 0-1: Ball 1-1: SINGLE (Groundball, 56D, EV 105.0 MPH)
|
|
Batting: RHB Pavpv Ivanushkin
|
0-0: Ball 1-0: Grounds into double play, 5-4-3 (Groundball, 5, EV 86.2 MPH)
|
| Bottom of the 2nd over - 0 runs, 1 hit, 0 errors, 0 left on base; Kansas City 3 - Seattle 0 |
| TOP OF THE 3RD |
|
Kansas City Royals batting - Pitching for Seattle Mariners : LHP Aidan Smith
|
|
Batting: LHB Mike Meyerhoff
|
0-0: Ball 1-0: Foul Ball, location: 2F 1-1: Called Strike 1-2: Ball 2-2: Ball 3-2: Foul Ball, location: 2F 3-2: Base on Balls
|
|
Batting: RHB Adam Martin
|
0-0: Ball 1-0: Ball 2-0: Foul Ball, location: 2F 2-1: SINGLE (Line Drive, 78M, EV 106.2 MPH) Mike Meyerhoff to second
|
|
Batting: LHB Bill Baconneck
|
0-0: Foul Ball, location: 2F 0-1: Called Strike 0-2: SINGLE (Groundball, 34D, EV 97.5 MPH) Mike Meyerhoff to third Adam Martin to second Runner from 3rd tries for Home, SAFE, throw by RF to home
|
|
Batting: RHB Mikolas Markus
|
0-0: Called Strike 0-1: Ball 1-1: Called Strike 1-2: Strikes out swinging
|
|
Batting: LHB Pete Hansel
|
0-0: Called Strike 0-1: Ball 1-1: Called Strike 1-2: Foul Ball, location: 2F 1-2: SINGLE (Groundball, 4M, EV 98.1 MPH) (infield hit) Adam Martin to third Bill Baconneck to second
|
|
Batting: LHB Robby Diaz
|
0-0: Swinging Strike 0-1: Ball 1-1: Ball 2-1: Grounds into double play, U6-3 (Groundball, 4M, EV 95.6 MPH)
|
| Top of the 3rd over - 1 run, 3 hits, 0 errors, 2 left on base; Kansas City 4 - Seattle 0 |
| BOTTOM OF THE 3RD |
|
Seattle Mariners batting - Pitching for Kansas City Royals : RHP Chris Irvin
|
|
Batting: RHB Tony Vargas
|
0-0: Ball 1-0: Called Strike 1-1: Swinging Strike 1-2: Strikes out swinging
|
|
Batting: RHB Harutomi Matsubara
|
0-0: Ball 1-0: Ball 2-0: SINGLE (Groundball, 34S, EV 97.5 MPH)
|
|
Batting: RHB Jimmy Hammertime
|
0-0: Ball 1-0: Ball 2-0: Fly out, F8 (Flyball, 8RXD, EV 86.2 MPH)
|
|
Batting: LHB Dae-ik Yoon
|
0-0: Ball Harutomi Matsubara is caught stealing 2nd base 2-6
|
| Bottom of the 3rd over - 0 runs, 1 hit, 0 errors, 0 left on base; Kansas City 4 - Seattle 0 |
| TOP OF THE 4TH |
|
Kansas City Royals batting - Pitching for Seattle Mariners : LHP Aidan Smith
|
|
Batting: RHB Imbart Faber
|
0-0: Swinging Strike 0-1: Hit by Pitch
|
|
Batting: SHB Jose Pacheco
|
0-0: Ball 1-0: Called Strike 1-1: Ball 2-1: Called Strike 2-2: Ball 3-2: Fly out, F9 (Flyball, 89M, EV 96.9 MPH)
|
|
Batting: RHB Matt Belgard
|
0-0: Called Strike 0-1: Foul Ball, location: 2F 0-2: DOUBLE (Line Drive, 7LM, EV 108.1 MPH) Imbart Faber to third Runner from 3rd tries for Home, SAFE, throw by LF to home
|
|
Batting: LHB Mike Meyerhoff
|
0-0: Called Strike 0-1: Ball 1-1: Ball 2-1: Called Strike 2-2: SINGLE (Groundball, 34D, EV 102.5 MPH) (infield hit) Matt Belgard to third
|
|
Pitching: RHP Kyle Ridgeway
|
|
|
Batting: RHB Adam Martin
|
0-0: Ball Wild Pitch! Matt Belgard scores Mike Meyerhoff to second 1-0: Foul Ball, location: 2F 1-1: Swinging Strike 1-2: Ball 2-2: SINGLE (Groundball, 6D, EV 100.6 MPH) Mike Meyerhoff to third Runner from 3rd tries for Home, SAFE, throw by CF to home
|
|
Batting: LHB Bill Baconneck
|
0-0: DOUBLE (Line Drive, 8RXD, EV 100.6 MPH) Adam Martin to third
|
|
Batting: RHB Mikolas Markus
|
0-0: Ball 1-0: Fly out, F9 (Line Drive, 9, EV 91.9 MPH)
|
|
Batting: LHB Pete Hansel
|
0-0: Called Strike 0-1: Foul Ball, location: 2F 0-2: Ball 1-2: Ball 2-2: Foul Ball, location: 2F 2-2: Ground out 1-3 (Groundball, 15S, EV 76.2 MPH)
|
| Top of the 4th over - 3 runs, 4 hits, 0 errors, 2 left on base; Kansas City 7 - Seattle 0 |
| BOTTOM OF THE 4TH |
|
Seattle Mariners batting - Pitching for Kansas City Royals : RHP Chris Irvin
|
|
Batting: LHB Dae-ik Yoon
|
0-0: Foul Ball, location: 2F 0-1: Ball 1-1: Called Strike 1-2: Ball 2-2: Ball 3-2: Base on Balls
|
|
Batting: RHB Jose Vasquez
|
0-0: Fielders Choice at 2nd, 6-4 (Groundball, 6, EV 81.2 MPH)
|
|
Batting: SHB Floyd-William Goof
|
0-0: Called Strike Jose Vasquez steals 2nd base 0-1: SINGLE (Groundball, 34D, EV 106.9 MPH) Jose Vasquez to third Runner from 3rd tries for Home, SAFE, throw by RF to home
|
|
Batting: RHB Steve Jordan
|
0-0: Fly out, F4 (Popup, 4M, EV 78.8 MPH)
|
|
Batting: SHB Robbie Rogers
|
0-0: Called Strike 0-1: Ball Floyd-William Goof is caught stealing 2nd base 2-6
|
| Bottom of the 4th over - 1 run, 1 hit, 0 errors, 0 left on base; Kansas City 7 - Seattle 1 |
| TOP OF THE 5TH |
|
Kansas City Royals batting - Pitching for Seattle Mariners : RHP Kyle Ridgeway
|
|
Batting: LHB Robby Diaz
|
0-0: Ball 1-0: Swinging Strike 1-1: Swinging Strike 1-2: Foul Ball, location: 2F 1-2: Ball 2-2: Ball 3-2: Strikes out swinging
|
|
Batting: RHB Imbart Faber
|
0-0: SINGLE (Groundball, 6MD, EV 94.4 MPH)
|
|
Batting: SHB Jose Pacheco
|
0-0: Foul Ball, location: 2F 0-1: Fielders Choice at 2nd, 3-6 (Groundball, 3, EV 88.1 MPH)
|
|
Batting: RHB Matt Belgard
|
0-0: Fly out, F4 (Line Drive, 4, EV 74.4 MPH)
|
| Top of the 5th over - 0 runs, 1 hit, 0 errors, 1 left on base; Kansas City 7 - Seattle 1 |
| BOTTOM OF THE 5TH |
|
Seattle Mariners batting - Pitching for Kansas City Royals : RHP Chris Irvin
|
|
Batting: SHB Robbie Rogers
|
0-0: Foul Ball, location: 2F 0-1: Fly out, F8 (Line Drive, 8RD, EV 95.0 MPH)
|
|
Batting: RHB Pavpv Ivanushkin
|
0-0: Ball 1-0: Ball 2-0: Ball 3-0: Base on Balls
|
|
Batting: RHB Tony Vargas
|
0-0: Foul Ball, location: 2F 0-1: Called Strike 0-2: Ball 1-2: Foul Ball, location: 2F 1-2: Strikes out swinging
|
|
Batting: RHB Harutomi Matsubara
|
0-0: Ball 1-0: Ground out 2-3 (Groundball, 15S, EV 70.6 MPH)
|
| Bottom of the 5th over - 0 runs, 0 hits, 0 errors, 1 left on base; Kansas City 7 - Seattle 1 |
| TOP OF THE 6TH |
|
Kansas City Royals batting - Pitching for Seattle Mariners : RHP Kyle Ridgeway
|
|
Batting: LHB Mike Meyerhoff
|
0-0: Called Strike 0-1: Swinging Strike 0-2: Ball 1-2: Ground out U3 (Groundball, 3, EV 101.9 MPH)
|
|
Batting: RHB Adam Martin
|
0-0: Foul Ball, location: 2F 0-1: Called Strike 0-2: Ball 1-2: Ball 2-2: Fly out, F8 (Line Drive, 78M, EV 90.0 MPH)
|
|
Batting: LHB Bill Baconneck
|
0-0: Called Strike 0-1: Swinging Strike 0-2: Strikes out looking
|
| Top of the 6th over - 0 runs, 0 hits, 0 errors, 0 left on base; Kansas City 7 - Seattle 1 |
| BOTTOM OF THE 6TH |
|
Seattle Mariners batting - Pitching for Kansas City Royals : RHP Chris Irvin
|
|
Batting: RHB Jimmy Hammertime
|
0-0: Swinging Strike 0-1: Ball 1-1: Ball 2-1: Foul Ball, location: 2F 2-2: Foul Ball, location: 2F 2-2: Ball 3-2: Foul Ball, location: 2F 3-2: Strikes out swinging
|
|
Batting: LHB Dae-ik Yoon
|
0-0: Ball 1-0: Ball 2-0: Foul Ball, location: 2F 2-1: Called Strike 2-2: Ball 3-2: Fly out, F9 (Line Drive, 89M, EV 95.0 MPH)
|
|
Batting: RHB Jose Vasquez
|
0-0: Foul Ball, location: 2F 0-1: Foul Ball, location: 2F 0-2: Ball 1-2: Ball 2-2: Fly out, F8 (Flyball, 8RD, EV 103.8 MPH)
|
| Bottom of the 6th over - 0 runs, 0 hits, 0 errors, 0 left on base; Kansas City 7 - Seattle 1 |
| TOP OF THE 7TH |
|
Kansas City Royals batting - Pitching for Seattle Mariners : RHP Kyle Ridgeway
|
|
Batting: RHB Mikolas Markus
|
0-0: Ball 1-0: Called Strike 1-1: Called Strike 1-2: Ball 2-2: Strikes out swinging
|
|
Batting: LHB Pete Hansel
|
0-0: Swinging Strike 0-1: Called Strike 0-2: Foul Ball, location: 2F 0-2: Strikes out swinging
|
|
Batting: LHB Robby Diaz
|
0-0: Called Strike 0-1: Foul Ball, location: 2F 0-2: Fly out, F8 (Line Drive, 8LM, EV 92.5 MPH)
|
| Top of the 7th over - 0 runs, 0 hits, 0 errors, 0 left on base; Kansas City 7 - Seattle 1 |
| BOTTOM OF THE 7TH |
|
Seattle Mariners batting - Pitching for Kansas City Royals : RHP Chris Irvin
|
|
Batting: SHB Floyd-William Goof
|
0-0: Ball 1-0: Ball 2-0: Foul Ball, location: 2F 2-1: Ball 3-1: Base on Balls
|
|
Batting: RHB Steve Jordan
|
0-0: SINGLE (Flyball, 8RS, EV 87.5 MPH) Floyd-William Goof to second
|
|
Batting: SHB Robbie Rogers
|
0-0: Fielders Choice at 2nd, 4-6 (Groundball, 34, EV 100.0 MPH) Floyd-William Goof to third
|
|
Batting: RHB Pavpv Ivanushkin
|
0-0: Ball Robbie Rogers steals 2nd base 1-0: Foul Ball, location: 2F 1-1: SINGLE (Flyball, 8RS, EV 90.6 MPH) Floyd-William Goof scores Robbie Rogers to third Runner from 3rd tries for Home, SAFE, throw by CF to home
|
|
Batting: RHB Tony Vargas
|
0-0: Called Strike 0-1: Foul Ball, location: 2F 0-2: Fielders Choice at 2nd, 3-6 (Groundball, 3S, EV 85.6 MPH)
|
|
Batting: RHB Harutomi Matsubara
|
0-0: Foul Ball, location: 2F 0-1: Ground out 4-3 (Groundball, 4, EV 85.6 MPH)
|
| Bottom of the 7th over - 2 runs, 2 hits, 0 errors, 1 left on base; Kansas City 7 - Seattle 3 |
| TOP OF THE 8TH |
|
Kansas City Royals batting - Pitching for Seattle Mariners : RHP Kyle Ridgeway
|
|
Pitching: LHP Greg Burngooch
|
|
|
Batting: RHB Imbart Faber
|
0-0: Ball 1-0: Called Strike 1-1: Foul Ball, location: 2F 1-2: Ball 2-2: Foul Ball, location: 2F 2-2: Strikes out looking
|
|
Batting: SHB Jose Pacheco
|
0-0: Ball 1-0: Called Strike 1-1: SINGLE (Groundball, 34S, EV 70.6 MPH) (infield hit)
|
|
Batting: RHB Matt Belgard
|
0-0: Ball 1-0: Ball 2-0: Foul Ball, location: 2F 2-1: Ball 3-1: Base on Balls Jose Pacheco to second
|
|
Batting: LHB Mike Meyerhoff
|
0-0: Foul Ball, location: 2F 0-1: Ball 1-1: Ball 2-1: SINGLE (Flyball, 8LS, EV 96.9 MPH) Jose Pacheco to third Matt Belgard to second Runner from 3rd tries for Home, SAFE, throw by CF to home
|
|
Batting: RHB Adam Martin
|
0-0: Called Strike 0-1: Ball Wild Pitch! Matt Belgard to third Mike Meyerhoff to second 1-1: Foul Ball, location: 2F 1-2: Strikes out swinging
|
|
Batting: LHB Bill Baconneck
|
0-0: Called Strike 0-1: Ball 1-1: Foul Ball, location: 2F 1-2: Ball 2-2: Strikes out swinging
|
| Top of the 8th over - 1 run, 2 hits, 0 errors, 2 left on base; Kansas City 8 - Seattle 3 |
| BOTTOM OF THE 8TH |
|
Seattle Mariners batting - Pitching for Kansas City Royals : RHP Chris Irvin
|
|
Batting: RHB Jimmy Hammertime
|
0-0: Swinging Strike 0-1: Ball 1-1: Ball 2-1: Fly out, F9 (Flyball, 89M, EV 82.5 MPH)
|
|
Batting: LHB Dae-ik Yoon
|
0-0: Called Strike 0-1: Foul Ball, location: 2F 0-2: Foul Ball, location: 2F 0-2: Ball 1-2: Ball 2-2: SINGLE (Flyball, 34D, EV 85.0 MPH)
|
|
Batting: RHB Jose Vasquez
|
0-0: Ball 1-0: Fly out, F8 (Flyball, 8RD, EV 103.1 MPH)
|
|
Batting: SHB Floyd-William Goof
|
0-0: Fielders Choice at 2nd, 5-4 (Groundball, 5, EV 78.1 MPH)
|
| Bottom of the 8th over - 0 runs, 1 hit, 0 errors, 1 left on base; Kansas City 8 - Seattle 3 |
| TOP OF THE 9TH |
|
Kansas City Royals batting - Pitching for Seattle Mariners : LHP Greg Burngooch
|
|
Batting: RHB Mikolas Markus
|
0-0: Called Strike 0-1: Ball 1-1: SINGLE (Groundball, 4MD, EV 96.9 MPH)
|
|
Batting: LHB Pete Hansel
|
0-0: Called Strike 0-1: Ball 1-1: Ball 2-1: Ball 3-1: Swinging Strike 3-2: Foul Ball, location: 2F 3-2: Fly out, F5 (Popup, 6, EV 59.4 MPH)
|
|
Pitching: LHP David Anaya
|
|
|
Batting: LHB Robby Diaz
|
0-0: Fielders Choice at 2nd, 3-6 (Groundball, 3, EV 81.9 MPH)
|
|
Batting: RHB Imbart Faber
|
0-0: Ball 1-0: Foul Ball, location: 2F 1-1: SINGLE (Line Drive, 78S, EV 103.8 MPH) Robby Diaz to second Runner from 2nd tries for 3rd, OUT! 8-5
|
| Top of the 9th over - 0 runs, 2 hits, 0 errors, 1 left on base; Kansas City 8 - Seattle 3 |
| BOTTOM OF THE 9TH |
|
Seattle Mariners batting - Pitching for Kansas City Royals : RHP Chris Irvin
|
|
Batting: RHB Steve Jordan
|
0-0: Ball 1-0: Fly out, F8 (Flyball, 8RD, EV 90.0 MPH)
|
|
Pitching: RHP Brandon Ferrari
|
|
|
Batting: SHB Robbie Rogers
|
0-0: Ball 1-0: Swinging Strike 1-1: Called Strike 1-2: Ground out 4-3 (Groundball, 4M, EV 78.1 MPH)
|
|
Batting: RHB Pavpv Ivanushkin
|
0-0: Foul Ball, location: 2F 0-1: Swinging Strike 0-2: Foul Ball, location: 2F 0-2: Foul Ball, location: 2F 0-2: Foul Ball, location: 2F 0-2: Ball 1-2: Ball 2-2: Foul Ball, location: 2F 2-2: Foul Ball, location: 2F 2-2: Foul Ball, location: 2F 2-2: Strikes out looking
|
| Bottom of the 9th over - 0 runs, 0 hits, 0 errors, 0 left on base; Kansas City 8 - Seattle 3 |
|